 Dungeon Crawl Stone Soup version 0.21-a0-531-gacddea6 (webtiles) character file.

112 AverageBear the Cutter (level 4, -1/27 HPs)
             Began as a Deep Elf Fighter on Dec 13, 2017.
             Slain by Crazy Yiuf
             ... wielding a +2 quarterstaff of chaos
              (5 damage)
             ... on level 2 of the Dungeon.
             The game lasted 00:01:56 (1688 turns).

AverageBear the Cutter (Deep Elf Fighter)           Turns: 1688, Time: 00:01:57

Health: -1/27      AC:  6    Str: 12 (14) XL:     4   Next: 64%
Magic:  6/6        EV:  6    Int: 10 (13) God:
Gold:   71         SH:  8    Dex: 13 (14) Spells: 3/3 levels left

rFire    + . .     SeeInvis .   a - +0 rapier
rCold    + . .     Gourm    .   c - +0 shield
rNeg     . . .     Faith    .   b - +0 scale mail
rPois    +         Spirit   .   (no helmet)
rElec    +         Reflect  .   (no cloak)
rCorr    +         Harm     .   (no gloves)
MR       .....                  (no boots)
Stlth    ..........             h - amulet of magic regeneration
HPRegen  0.09/turn              (no ring)
MPRegen  0.35/turn              (no ring)

@: resistant, drained
A: no striking features
a: no special abilities


You were on level 2 of the Dungeon.
You were hungry.

You visited 1 branch of the dungeon, and saw 2 of its levels.

You collected 71 gold pieces.

Inventory:

Hand Weapons
 a - a +0 rapier (weapon)
Armour
 b - a +0 scale mail (worn)
 c - a +0 shield (worn)
Jewellery
 h - an amulet of magic regeneration (around neck)
Wands
 g - a wand of polymorph (8)
Scrolls
 j - 2 scrolls of remove curse
 m - a scroll of amnesia
 o - a scroll of identify
Potions
 e - a potion of brilliance
Comestibles
 d - 2 meat rations
 f - 2 bread rations
 k - 3 fruits
 n - a royal jelly


   Skills:
 - Level 2.4(2.0) Fighting
 + Level 4.9(4.6) Short Blades
 - Level 2.4(2.0) Armour
 - Level 2.4(2.0) Shields


You had 3 spell levels left.
You didn't know any spells.

Dungeon Overview and Level Annotations

Branches:
Dungeon (2/15)

Altars:
Cheibriados
The Shining One

Annotations:
D:2 Crazy Yiuf


Message History

Partly explored, unopened runed door.
No target in view!
It was a potion of resistance.
You feel protected.
It was a potion of degeneration.
There was something very wrong with that liquid.
You feel weakened.
You feel dopey.
You feel clumsy.
You open the door.
Crazy Yiuf the Enlightened comes into view.
He is wielding a quarterstaff of chaos.
Crazy Yiuf shouts!
Found a mace.
There is an open door here.
Your shield and scale mail prevent you from hitting Crazy Yiuf.
Crazy Yiuf hits you with a quarterstaff of chaos!
You barely miss Crazy Yiuf. You block Crazy Yiuf's attack.
You closely miss Crazy Yiuf.
Crazy Yiuf hits you with a quarterstaff of chaos!
* * * LOW HITPOINT WARNING * * *
You feel drained.
You die...

#......####
###...)...#.#
#.######
###...#.....#.##
##.#
#...###...).#..#
..(# #####
########.#
...##### #.##
##.....#### #..#
#####....# ####*
♣♣###.# ######
#)..#♣♣ ♣♣.....#
#..g@.♣♣♣♣......#
#...#♣..♣......##
####*♣♣♣.♣....##
♣♣♣♣♣###


You could see Crazy Yiuf.

Vanquished Creatures
  An orc wizard (D:2)
  A gnoll (D:1)
  An adder (D:2)
  2 worms (D:2)
  A dart slug (D:1)
  2 leopard geckos (D:1)
  4 orcs (D:2)
  7 bats
  3 giant cockroaches
  4 hobgoblins
  2 jackals (D:2)
  8 kobolds
  2 ball pythons
  4 frilled lizards
  9 goblins
  5 rats
56 creatures vanquished.

Notes
Turn   | Place    | Note
-------+----------+-------------------------------------------
     0 | D:1      | AverageBear the Deep Elf Fighter began the quest for the Orb.
     0 | D:1      | Reached XP level 1. HP: 13/13 MP: 3/3
    28 | D:1      | Reached XP level 2. HP: 14/18 MP: 4/4
    32 | D:1      | Reached skill level 3 in Short Blades
   279 | D:1      | Reached XP level 3. HP: 18/22 MP: 5/5
   731 | D:2      | Reached skill level 4 in Short Blades
   734 | D:2      | Reached XP level 4. HP: 13/27 MP: 6/6
  1356 | D:2      | Found a runed door.
  1419 | D:2      | Found a glowing golden altar of the Shining One.
  1528 | D:2      | Found a snail-covered altar of Cheibriados.
  1684 | D:2      | Noticed Crazy Yiuf
  1688 | D:2      | Slain by Crazy Yiuf

Vault maps used:
D:1:      tarquinn_simple_flora_water_e
D:2:      lemuel_coloured_pillars_altar, first_bread, tso_altar,
          uniq_crazy_yiuf_cottage

Skill      XL: |  1  2  3 |
---------------+----------+-----
Short Blades   | 3 4 |  4.9
Fighting       | |  2.4
Armour         | |  2.4
Shields        | |  2.4

Action                   |  1- 3 |  4- 6 || total
-------------------------+-------+-------++-------
Melee: Rapier            |    96 |    88 ||   184
  Use: Scroll            |     2 |     2 ||     4
       Potion            |     2 |     2 ||     4
  Eat: Chunk             |       |     2 ||     2
Armor: Scale mail        |    46 |    41 ||    87
Dodge: Dodged            |    21 |    28 ||    49
Block: Shield            |    39 |    32 ||    71

Table legend:
 A = Spawn XP
 B = Non-spawn XP
 C = Spawn XP percentage of total XP
 D = Spawn monster count
 E = Non-spawn monster count
 F = Spawn count percentage of total count
 G = Total turns spent on level
                    A         B        C        D         E        F      G
               +---------+---------+-------+---------+---------+-------+---------
         Total |       0 |     161 |   0.0 |       0 |      56 |   0.0 |  1688
               +---------+---------+-------+---------+---------+-------+---------
           D:1 |       0 |      57 |   0.0 |       0 |      25 |   0.0 |   688
           D:2 |       0 |     104 |   0.0 |       0 |      31 |   0.0 |  1000
               +---------+---------+-------+---------+---------+-------+---------
